 Dungeon Crawl Stone Soup version 0.22-a0-445-g8c8ef71062 (webtiles) character file.

37 Ordine the Ruffian (level 3, 0/28 HPs)
             Began as a Draconian Transmuter on June 2, 2018.
             Succumbed to an adder's poison
             ... on level 2 of the Dungeon.
             The game lasted 00:02:08 (1003 turns).

Ordine the Ruffian (Draconian Transmuter)           Turns: 1003, Time: 00:02:09

Health: 0/28       AC:  5    Str: 12    XL:     3   Next: 21%
Magic:  7/7        EV: 12    Int: 14    God:
Gold:   52         SH:  0    Dex: 11    Spells: 6/7 levels left

rFire    + . .     SeeInvis .     - Unarmed
rCold    . . .     Gourm    .   (no shield)
rNeg     . . .     Faith    .   (armour unavailable)
rPois    .         Spirit   .   (helmet restricted)
rElec    .         Reflect  .   (no cloak)
rCorr    .         Harm     .   (no gloves)
MR       .....                  (no boots)
Stlth    +.........             (no amulet)
HPRegen  0.09/turn              b - ring of protection from fire
MPRegen  0.10/turn              (no ring)

@: lethally poisoned (0 -> -5), berserk cooldown, slowed, very slow
A: unfitting armour, cold-blooded, AC +5
a: no special abilities


You were on level 2 of the Dungeon.
You were not hungry.

You visited 1 branch of the dungeon, and saw 2 of its levels.

You collected 52 gold pieces.

Inventory:

Missiles
 a - 12 arrows
Jewellery
 b - a ring of protection from fire (left hand)
Potions
 d - a potion of invisibility
Comestibles
 c - 6 rations


   Skills:
 - Level 1.1 Fighting
 - Level 1.7 Dodging
 - Level 3.0 Unarmed Combat
 * Level 2.8 Spellcasting
 + Level 2.9 Transmutations


You had 6 spell levels left.
You knew the following spells:

 Your Spells              Type           Power        Failure   Level  Hunger
a - Beastly Appendage     Tmut           ##....       7%          1    #......

Your spell library contained the following spells:

 Spells                   Type           Power        Failure   Level  Hunger
 Spider Form              Tmut/Pois      #.........   34%         3    ###....
 Blade Hands              Tmut           ##........   88%         5    ######.
 Ice Form                 Ice/Tmut       #.......     75%         4    #####..
 Sticks to Snakes         Tmut           ##......     10%         2    ##.....


Dungeon Overview and Level Annotations

Branches:
Dungeon (2/15)

Altars:


Innate Abilities, Weirdness & Mutations

Your plain brown scales are hard. (AC +5)
You cannot fit into any form of body armour.
You are cold-blooded and may be slowed by cold attacks.


Message History

You feel sick.
There is an open door here.
Found a stone staircase leading down.
You feel your anger nearly subside.
You are no longer berserk.
You pass out from exhaustion.
You feel yourself slow down.
* * * LOW HITPOINT WARNING * * *
You feel sick.
Found a spear.
Your horns disappear.
* * * LOW HITPOINT WARNING * * *
You feel sick.
* * * LOW HITPOINT WARNING * * *
You feel sick.
You can move again.
Unknown command.
Sorry, you're not good enough to have a special ability.
* * * LOW HITPOINT WARNING * * *
You feel sick.
You die...

.. #########.#
#)........#
+........>
#........#
#........######
#......?.'....#
#......@.#
#........#
#........#
#........#
..#####'#####.#
..'....)..$...#
..#####)#######
#.# ####.#


There were no monsters in sight!

Vanquished Creatures
  An adder (D:2)
  5 bats
  4 giant cockroaches (D:1)
  2 goblins (D:2)
  2 hobgoblins (D:1)
  3 frilled lizards (D:1)
  8 kobolds
  4 rats (D:1)
29 creatures vanquished.

Notes
Turn   | Place    | Note
-------+----------+-------------------------------------------
     0 | D:1      | Ordine the Draconian Transmuter began the quest for the Orb.
     0 | D:1      | Reached XP level 1. HP: 16/16 MP: 3/3
   143 | D:1      | Reached XP level 2. HP: 2/23 MP: 3/5
   993 | D:2      | Reached XP level 3. HP: 7/28 MP: 7/7
  1002 | D:2      | HP: 1/28 [poisoned by an adder]
  1003 | D:2      | Succumbed to an adder's poison

Vault maps used:
D:1:      erik_arrival_blinker_ship, skrybe_limestone_x, minmay_misc_feat_rows
D:2:      first_ration

Action                   || total
-------------------------++-------
Melee: Unarmed           ||    94
       Tailslap          ||    11
       Headbutt          ||     2
       Punch             ||     1
       Dagger            ||     8
 Cast: Beastly Appendage ||     2
  Use: Scroll            ||     3
       Potion            ||     1
Armor: Skin              ||    42
Dodge: Dodged            ||    77

Table legend:
 A = Spawn XP
 B = Non-spawn XP
 C = Spawn XP percentage of total XP
 D = Spawn monster count
 E = Non-spawn monster count
 F = Spawn count percentage of total count
 G = Total turns spent on level
                    A         B        C        D         E        F      G
               +---------+---------+-------+---------+---------+-------+---------
         Total |       0 |      53 |   0.0 |       0 |      29 |   0.0 |  1003
               +---------+---------+-------+---------+---------+-------+---------
           D:1 |       0 |      29 |   0.0 |       0 |      20 |   0.0 |   853
           D:2 |       0 |      24 |   0.0 |       0 |       9 |   0.0 |   150
               +---------+---------+-------+---------+---------+-------+---------
